 Dungeon Crawl Stone Soup version 0.28.0 (webtiles) character file.

Game seed: 2292620790726926430

32 Selrock the Sneak (level 3, 0/22 HPs)
             Began as a Kobold Brigand on Feb 12, 2022.
             Succumbed to a scorpion's poison
             ... on level 4 of the Dungeon.
             The game lasted 00:01:53 (941 turns).

Selrock the Sneak (Kobold Brigand)                   Turns: 941, Time: 00:01:53

Health: 0/22       AC:  3    Str: 10    XL:     3   Next: 45%
Magic:  3/3        EV: 14    Int: 12    God:
Gold:   59         SH:  0    Dex: 16    Spells: 2/2 levels left

rFire   . . .      SeeInvis .   a - +2 dagger
rCold   . . .      Faith    .   (no shield)
rNeg    . . .      Spirit   .   b - +0 robe
rPois   +          Reflect  .   (no helmet)
rElec   .          Harm     .   c - +0 cloak
rCorr   .          Rampage  .   (no gloves)
Will    .....                   (no boots)
Stlth   ++++......              (no amulet)
HPRegen 0.07/turn               k - ring of poison resistance
MPRegen 0.08/turn               (no ring)

@: lethally poisoned (0 -> -4)
A: small, no large weapons, nightstalker 3
a: no special abilities


You were on level 4 of the Dungeon.
You visited 1 branch of the dungeon, and saw 3 of its levels.

You collected 59 gold pieces.

Inventory:

Hand Weapons
 a - a +2 dagger (weapon)
Missiles
 d - 8 poisoned darts (quivered)
 e - 2 curare-tipped darts
Armour
 b - a +0 robe (worn)
 c - a +0 cloak (worn)
Jewellery
 k - a ring of poison resistance (left hand)
Scrolls
 g - a scroll of magic mapping {unknown}
 i - a scroll of enchant weapon {unknown}
 j - a scroll of blinking {unknown}
 l - a scroll of identify {unknown}
Potions
 f - 2 potions of haste {unknown}
 h - a potion of ambrosia {unknown}


   Skills:
 + Level 2.9 Fighting
 + Level 3.5 Short Blades
 + Level 2.9 Throwing
 - Level 1.2 Dodging
 - Level 5.3 Stealth


You had 2 spell levels left.
You didn't know any spells.
Your spell library was empty.

Dungeon Overview and Level Annotations

Branches:
Dungeon (2/15)

Altars:


Innate Abilities, Weirdness & Mutations

You are small and have problems with some larger weapons.
You are completely attuned to the shadows.


Message History

The giant cockroach is moderately wounded.
The giant cockroach closely misses you.
You barely miss the giant cockroach.
The giant cockroach is moderately wounded.
The giant cockroach bites you but does no damage.
You hit the giant cockroach but do no damage.
The giant cockroach is moderately wounded.
The giant cockroach bites you but does no damage.
You hit the giant cockroach.
The giant cockroach is heavily wounded.
The giant cockroach barely misses you.
You hit the giant cockroach. You punch the giant cockroach.
You kill the giant cockroach!
You now have 5 gold pieces.
Found 24 bolts.
Found a scroll labelled UCLESM HUCS.
g - a scroll labelled UCLESM HUCS
Found 7 gold pieces.
You now have 12 gold pieces (gained 7).
Found 6 gold pieces.
Found 24 stones.
You now have 18 gold pieces (gained 6).
You see here 24 stones.
An endoplasm comes into view.
The helpless endoplasm fails to defend itself.
You impale the endoplasm!!
You kill the endoplasm!
Your Short Blades skill increases to level 3!
You have reached level 2!
Found 5 gold pieces.
There is a shaft here.
You now have 23 gold pieces (gained 5).
A rat comes into view.
Found a metallic brown potion.
The helpless rat fails to defend itself.
You impale the rat!!
You kill the rat!
You see here a rat corpse.
h - a metallic brown potion A giant cockroach comes into view.
A bat comes into view.
The helpless giant cockroach fails to defend itself.
You impale the giant cockroach!!
You kill the giant cockroach!
A bat is nearby!
An endoplasm comes into view.
The helpless bat fails to defend itself.
You impale the bat!!
You kill the bat!
You see here a bat corpse.
The helpless endoplasm fails to defend itself.
You impale the endoplasm!!
You kill the endoplasm!
Found 6 gold pieces.
You now have 29 gold pieces (gained 6).
An endoplasm comes into view.
The helpless endoplasm fails to defend itself.
You impale the endoplasm!!
You kill the endoplasm!
Found a scroll labelled COBBIN PUMI.
i - a scroll labelled COBBIN PUMI A kobold comes into view.
It is wielding a +0 dagger.
Found a scroll labelled QYUFAI KUBLIK.
The kobold shouts!
You hear a shout!
The kobold hits you with a +0 dagger.
You barely miss the kobold. The kobold hits you but does no damage.
You closely miss the kobold. The kobold barely misses you.
You hit the kobold.
The kobold is moderately wounded.
The kobold barely misses you.
You hit the kobold.
You kill the kobold!
A goblin comes into view. It is wielding a +0 dagger.
You see here a +0 dagger.
A goblin is nearby!
The goblin hits you but does no damage.
You closely miss the goblin. The goblin hits you with a +0 dagger.
You hit the goblin.
The goblin is moderately wounded.
The goblin misses you.
You hit the goblin.
The goblin is severely wounded.
The goblin hits you but does no damage.
You miss the goblin.
The goblin is severely wounded.
You barely miss the goblin.
The goblin is severely wounded.
The goblin closely misses you.
You hit the goblin.
You kill the goblin!
HP restored.
Things that are here:
a +0 dagger; a goblin corpse
j - a scroll labelled QYUFAI KUBLIK
Things that are here:
a +0 dagger; a goblin corpse
Found a stone staircase leading down.
There is a stone staircase leading down here.
There is a stone staircase leading down here.
Things that are here:
a +0 dagger; a goblin corpse
Found an onyx ring.
k - a ring of poison resistance
k - a ring of poison resistance (left hand)
Found 6 gold pieces.
You now have 35 gold pieces (gained 6).
A bat comes into view.
A bat is nearby!
The helpless bat fails to defend itself.
You impale the bat!!
You kill the bat!
You see here a bat corpse.
A giant cockroach comes into view.
The helpless giant cockroach fails to defend itself.
You impale the giant cockroach!!
You kill the giant cockroach!
A bat comes into view.
A bat is nearby!
The helpless bat fails to defend itself.
You impale the bat!!
You kill the bat!
Found 11 gold pieces.
You now have 46 gold pieces (gained 11).
A goblin comes into view. It is wielding a +0 club.
The goblin shouts!
The goblin completely misses you.
You hit the goblin.
You kill the goblin!
You have reached level 3!
Your experience leads to an increase in your attributes!
Increase (S)trength, (I)ntelligence, or (D)exterity?
You feel stronger. x2
You see here a +0 club.
Done exploring.
Done exploring.
There is a stone staircase leading down here.
You climb downwards.
There is a stone staircase leading up here.
Found a club.
You see here a +0 club.
Found a scroll labelled YNUIMOSINE.
l - a scroll labelled YNUIMOSINE
Found a stone staircase leading down.
A ball python comes into view.
A ball python is nearby!
The helpless ball python fails to defend itself.
You impale the ball python!!
You kill the ball python!
An adder comes into view.
You strike the helpless adder from behind!
You impale the adder!!
You kill the adder!
You see here an adder corpse.
Found a stone staircase leading up.
A sourceless malevolence fills the Dungeon...
You fall into a shaft and drop 2 floors!
The shaft crumbles and collapses.
A hobgoblin comes into view.
The hobgoblin shouts!
The hobgoblin misses you.
You hit the hobgoblin.
You kill the hobgoblin!
You see here a hobgoblin corpse.
Found 13 gold pieces.
A scorpion comes into view.
You see here 13 gold pieces.
A scorpion is nearby!
You see here 13 gold pieces.
You now have 59 gold pieces (gained 13).
An endoplasm and a water moccasin skeleton come into view.
Found 19 stones.
You hit the scorpion.
The scorpion is lightly wounded.
The scorpion misses you.
The scorpion stings you but does no damage.
You hit the scorpion but do no damage.
The scorpion is lightly wounded.
The scorpion closely misses you.
You hit the scorpion but do no damage.
The scorpion is lightly wounded.
The scorpion stings you!
You are poisoned.
The scorpion poisons you! The scorpion barely misses you.
You hit the scorpion.
The scorpion is moderately wounded.
You feel very sick. The scorpion completely misses you.
You feel sick.
You hit the scorpion but do no damage.
The scorpion is moderately wounded.
You feel sick. The scorpion closely misses you.
You hit the scorpion.
The scorpion is heavily wounded.
You feel sick.
The scorpion stings you but does no damage.
You closely miss the scorpion.
The scorpion is heavily wounded.
You feel sick. The scorpion stings you!
* * * LOW HITPOINT WARNING * * *
You die...

..Z...# J.(.#.#
#####.## #..# ##.#
#Z# #s## ##.# #@#
#.## #..# ##.#
#.###### #####
##......# #...#
#.....### ##...#
#.###...####....##
#.. ###...#......#


You could see a scorpion and a water moccasin skeleton.

Vanquished Creatures
  An adder (D:2)
  2 ball pythons
  3 bats (D:1)
  3 endoplasms (D:1)
  3 giant cockroaches (D:1)
  3 goblins (D:1)
  A hobgoblin (D:4)
  A kobold (D:1)
  2 rats (D:1)
19 creatures vanquished.

Notes
Turn   | Place    | Note
-------+----------+-------------------------------------------
     0 | D:1      | Selrock the Kobold Brigand began the quest for the Orb.
     0 | D:1      | Reached XP level 1. HP: 12/12 MP: 1/1
   185 | D:1      | Reached XP level 2. HP: 18/18 MP: 2/2
   700 | D:1      | Reached XP level 3. HP: 22/22 MP: 3/3
   872 | D:2      | You fall into a shaft and drop 2 floors!
   921 | D:4      | Noticed a scorpion
   940 | D:4      | HP: 1/22 [scorpion (8)]
   941 | D:4      | Succumbed to a scorpion's poison

Illustrated notes

Levels and vault maps discovered:
D:1:      saegor_arrival_simple_b, layout_loops_ring
D:2:      layout_basic, uniq_jessica
D:4:      layout_cave_pods, kennysheep_mini,
          chequers_temple_overflow_statue_of_worship, grunt_decor_cap,
          minmay_misc_feat_doors

Skill      XL: |  1 |
---------------+----+-----
Short Blades   | 3 |  3.5
Fighting       | |  2.9
Throwing       | |  2.9
Dodging        | |  1.2
Stealth        | |  5.3

Action                   || total
-------------------------++-------
Melee: Dagger            ||    38
       Punch             ||     1
 Stab: Sleeping          ||    13
       Distracted        ||     1
Armor: Robe              ||     7
Dodge: Dodged            ||    13
